Map: Tropic Shores

Players

Player 4

  • Race: Protoss Protoss
  • Spawn Location: 12:00

Player 3

  • Race: Protoss Protoss
  • Spawn Location: 0:00

Massa - Winner!

  • Race: Terran Terran
  • League: Gold
  • Spawn Location: 5:00

qqq - Winner!

  • Race: Zerg Zerg
  • League: Platinum
  • Spawn Location: 6:00

VOD

Have the link to the VOD?

Description

Time

  • Played on: April 12, 2020, 9:34 a.m.
  • Length: 18:37
Show
View Real Time Build Order
Export as new Build Order

Player 4 Protoss 

Build Orders:  

Get SALT Encoding   

  2  0:00  Probe, Unknown x4  
  2  0:06  Pylon  
  2  0:10  Probe  
  2  0:12  Unknown  
  2  0:20  Probe  
  2  0:30  Probe  
  3  0:40  Probe, Gateway  
  3  0:50  Probe  
  3  0:52  Assimilator  
  3  1:00  Probe  
  3  1:06  Pylon  
  3  1:10  Probe  
  4  1:19  Probe  
  4  1:28  Zealot  
  4  1:29  Probe  
  4  1:34  Cybernetics Core  
  4  1:39  Probe  
  6  1:49  Probe  
  7  2:00  Stalker  
  7  2:11  Gateway  
  7  2:14  Assimilator  
  9  2:20  Stalker  
  11  2:40  Adept  
  11  2:45  Warp Gate  
  11  2:48  Stalker  
  14  3:15  Zealot  
  14  3:18  Zealot  
  18  3:38  Stalker  
  18  3:42  Stalker  
  22  4:00  Probe  
  22  4:01  Stalker  
  22  4:09  Stalker  
  24  4:13  Probe  
  26  4:23  Probe  
  26  4:33  Probe  
  27  4:39  Adept  
  27  4:43  Probe  
  28  4:45  Forge  
  28  4:53  Probe  
  28  5:08  Protoss Ground Weapons Level 1  
  28  5:51  Sentry  
  28  5:56  Nexus, Pylon  
  30  5:58  Sentry  
  32  6:05  Zealot  
  34  6:12  Sentry  
  36  6:21  Gateway  
  36  6:25  Sentry  
  38  6:33  Protoss Ground Armor Level 1  
  38  6:37  Sentry  
  40  6:41  Robotics Facility  
  32  7:00  Photon Cannon  
  26  7:06  Probe  
  26  7:08  Photon Cannon, Unknown x4  
  24  7:09  Probe  
  25  7:16  Probe  
  25  7:19  Probe  
  25  7:23  Observer  
  25  7:26  Probe, Stalker  
  25  7:28  Unknown x4  
  25  7:34  Stalker  
  26  7:38  Observer  
  26  7:41  Adept  
  26  7:42  Probe  
  26  7:44  Probe  
  26  7:48  Zealot  
  29  7:52  Probe  
  29  7:54  Probe  
  29  7:55  Zealot  
  31  8:02  Probe  
  31  8:03  Zealot  
  31  8:04  Probe  
  34  8:10  Stalker  
  34  8:12  Probe  
  36  8:14  Probe  
  36  8:17  Stalker  
  38  8:22  Probe  
  38  8:24  Probe, Stalker  
  41  8:31  Adept  
  41  8:32  Probe  
  42  8:35  Pylon  
  42  8:39  Pylon  
  42  8:57  Stargate  
  42  9:01  Photon Cannon  
  42  9:07  Photon Cannon  
  42  9:17  Twilight Council  
  42  9:25  Forge  
  42  9:40  Unknown x4  
  42  9:45  Immortal  
  42  9:55  Gateway  
  42  9:59  Robotics Facility  
  46  10:02  Stargate  
  46  10:09  Warp Prism  
  46  10:14  Stalker  
  48  10:18  Protoss Ground Weapons Level 2, Stalker  
  50  10:22  Stalker  
  50  10:27  Stalker  
  56  10:30  Warp Prism  
  56  10:31  Stalker  
  58  10:36  Warp Prism  
  58  10:39  Protoss Ground Armor Level 2  
  58  10:43  Stalker x2  
  58  10:44  Gateway, Stalker x2  
  58  10:45  Unknown x8  
  58  10:46  Stalker x2  
  62  10:58  Immortal  
  62  10:59  Stargate  
  62  11:06  Observer  
  66  11:15  Zealot  
  61  11:20  Zealot  
  61  11:24  Zealot  
  52  11:28  Zealot  
  45  11:33  Sentry  
  45  11:37  Stalker  
  49  11:41  Stalker  
  49  11:42  Unknown x4  
  49  11:46  Stalker  
  53  11:50  Stalker  
  55  11:54  Sentry  
  55  11:59  Stalker  
  59  12:15  Robotics Bay  
  59  12:19  Protoss Air Weapons Level 1  
  59  12:23  Protoss Shields Level 1  
  59  12:43  Templar Archives  
  59  12:47  Gravitic Drive  
  59  12:50  Dark Shrine  
  59  13:12  Immortal  
  59  13:13  Immortal  
  59  13:23  Immortal  
  73  13:42  Assimilator  
  73  13:47  Assimilator  
  73  13:53  Void Ray  
  73  14:03  Nexus  
  72  14:41  Unknown  
  72  14:47  Unknown  
  72  14:48  Unknown  
  72  14:49  Unknown  
  68  15:00  Unknown x7  
  68  15:01  Unknown x2  
  68  15:04  Pylon  
  63  15:07  Robotics Facility  
  63  15:15  Unknown x4  
  63  15:34  Probe, Void Ray  
  63  15:35  Pylon  
  77  15:40  Warp Prism  
  77  15:53  Unknown x4  
  77  15:54  Probe  
  77  15:56  Robotics Facility  
  79  15:58  Assimilator  
  79  15:59  Assimilator  
  79  16:03  Probe x2  
  77  16:06  Probe  
  66  16:13  Probe x2  
  66  16:16  Probe  
  61  16:23  Probe x2  
  58  16:25  Probe  
  56  16:33  Probe x2  
  56  16:35  Probe  
  52  16:42  Unknown x4  
  52  16:43  Probe x2  
  47  16:52  Pylon  
  44  16:58  Probe x2  
  41  17:06  Probe  
  41  17:07  Unknown  
  41  17:10  Unknown  
  41  17:20  Unknown  
  41  17:21  Probe  
  19  17:29  Unknown  
  19  17:31  Probe  
  19  17:32  Unknown  
  19  17:35  Unknown  
  5  17:40  Unknown  
  5  17:41  Unknown  
  5  17:49  Unknown  
  5  17:50  Probe x2  
  5  17:53  Unknown  
  5  17:54  Unknown  
  5  17:56  Unknown  
  1  17:59  Unknown  
    18:06  Unknown  
    18:10  Unknown  
    18:11  Unknown  
    18:16  Unknown  
    18:22  Unknown  
    18:27  Unknown  
Show
View Real Time Build Order
Export as new Build Order

Player 3 Protoss 

Build Orders:  

Get SALT Encoding   

  2  0:00  Probe, Unknown x4  
  2  0:05  Pylon  
  2  0:10  Probe  
  2  0:12  Unknown  
  2  0:20  Probe  
  2  0:30  Probe  
  3  0:40  Probe  
  3  0:41  Gateway  
  3  0:50  Probe  
  3  0:53  Assimilator  
  3  1:00  Probe  
  3  1:08  Pylon  
  3  1:09  Probe  
  4  1:19  Probe  
  4  1:28  Zealot  
  4  1:29  Probe  
  4  1:35  Cybernetics Core  
  4  1:39  Probe  
  6  1:50  Probe  
  7  2:03  Stalker  
  7  2:11  Gateway  
  7  2:15  Assimilator  
  9  2:23  Adept  
  10  2:43  Adept  
  10  2:54  Adept  
  11  3:05  Warp Gate  
  12  3:08  Stalker  
  12  3:18  Zealot  
  16  3:27  Zealot  
  16  3:37  Adept  
  19  3:50  Adept  
  20  3:58  Adept  
  20  4:08  Probe  
  21  4:13  Stalker  
  21  4:18  Probe  
  21  4:19  Stalker  
  23  4:28  Probe  
  25  4:38  Probe  
  26  4:48  Probe  
  26  4:58  Probe, Forge  
  26  5:13  Protoss Ground Weapons Level 1  
  26  5:56  Sentry  
  28  6:03  Pylon, Adept  
  29  6:05  Robotics Facility  
  29  6:10  Adept  
  30  6:17  Sentry  
  32  6:24  Gateway  
  32  6:42  Nexus  
  32  6:45  Protoss Ground Armor Level 1  
  32  6:52  Unknown x4  
  33  6:54  Observer  
  31  7:01  Photon Cannon  
  27  7:10  Photon Cannon  
  27  7:12  Observer  
  27  7:13  Zealot  
  30  7:20  Zealot  
  31  7:27  Observer  
  31  7:28  Adept  
  32  7:35  Adept  
  29  7:42  Adept  
  23  7:49  Stalker  
  22  7:52  Probe x2  
  22  7:53  Unknown x4  
  23  8:02  Probe x2  
  23  8:10  Stalker  
  23  8:12  Probe  
  25  8:13  Probe  
  26  8:21  Probe  
  26  8:22  Adept  
  26  8:23  Probe  
  27  8:31  Probe  
  27  8:33  Probe, Adept  
  28  8:41  Probe, Adept  
  28  8:43  Probe  
  29  8:51  Probe  
  29  8:53  Probe, Stalker  
  31  8:58  Observer  
  31  9:01  Probe  
  31  9:03  Stalker  
  31  9:04  Probe  
  35  9:11  Probe  
  35  9:14  Probe  
  35  9:19  Pylon  
  35  9:22  Pylon  
  35  9:39  Stargate  
  35  9:45  Photon Cannon  
  35  9:51  Photon Cannon  
  35  10:00  Gateway  
  35  10:04  Robotics Facility  
  35  10:22  Unknown x4  
  35  10:26  Stargate  
  35  10:44  Gateway  
  35  10:50  Unknown x4  
  33  11:06  Zealot  
  33  11:09  Unknown x4  
  33  11:11  Zealot  
  33  11:16  Stargate  
  33  11:35  Warp Prism  
  33  11:39  Warp Prism  
  47  11:50  Void Ray  
  51  11:56  Warp Prism  
  51  11:59  Unknown x4  
  51  12:00  Zealot  
  53  12:04  Zealot  
  53  12:08  Observer, Stalker  
  55  12:13  Stalker  
  62  12:17  Stalker  
  62  12:21  Sentry  
  66  13:18  Void Ray  
  80  13:34  Stargate  
  72  14:04  Assimilator  
  62  14:12  Assimilator  
  61  14:17  Unknown x4  
  61  14:24  Stargate  
  39  14:33  Warp Prism  
  32  14:46  Unknown  
  32  14:47  Unknown  
  25  14:57  Nexus  
  11  15:07  Unknown x4  
  11  15:34  Void Ray  
  23  16:00  Probe  
  23  16:02  Probe  
  20  16:06  Probe  
  20  16:08  Unknown x4  
  20  16:10  Probe  
  20  16:12  Probe  
  20  16:16  Probe  
  20  16:20  Probe  
  20  16:22  Probe  
  20  16:26  Probe, Stalker  
  20  16:27  Zealot  
  20  16:30  Probe  
  20  16:32  Probe  
  22  16:37  Unknown  
  22  16:39  Probe  
  22  16:42  Probe  
  21  16:50  Unknown  
  21  16:51  Unknown  
  21  16:52  Probe  
  16  17:09  Unknown  
  16  17:19  Probe  
  14  17:34  Unknown  
    17:38  Unknown x2  
    17:39  Unknown  
    17:44  Unknown  
    17:45  Unknown  
    17:49  Unknown  
    17:52  Unknown  
    17:55  Unknown  
    17:59  Unknown x2  
    18:01  Unknown  
    18:03  Unknown  
    18:04  Unknown  
    18:10  Unknown  
    18:11  Unknown  
    18:14  Unknown  
Show
View Real Time Build Order
Export as new Build Order

Massa Terran - Winner!

Build Orders:  

Get SALT Encoding   

  2  0:08  SCV  
  2  0:17  Supply Depot  
  2  0:18  SCV  
  2  0:29  SCV  
  2  0:40  SCV  
  3  0:44  Barracks  
  3  0:51  SCV, Supply Depot  
  3  1:01  SCV  
  3  1:31  Command Center  
  3  1:44  SCV  
  3  1:45  Supply Depot  
  3  1:51  Marine  
  5  1:54  SCV  
  6  2:05  SCV  
  6  2:09  Unknown  
  6  2:14  Refinery  
  7  2:16  SCV  
  7  2:27  Unknown, Factory  
  7  2:37  SCV  
  7  2:43  SCV  
  7  2:48  SCV  
  8  2:53  SCV  
  8  2:58  SCV, Barracks Tech Lab  
  8  3:09  SCV  
  9  3:14  Factory Tech Lab  
  9  3:24  SCV  
  9  3:27  Command Center  
  9  3:35  SCV  
  9  3:42  Orbital Command  
  9  3:45  SCV  
  9  3:51  Siege Tank  
  12  4:18  SCV  
  12  4:24  Refinery  
  16  4:27  SCV  
  16  4:28  Refinery  
  16  4:29  SCV  
  16  4:38  SCV  
  16  4:40  SCV  
  17  4:48  SCV  
  17  4:50  SCV  
  17  4:51  Unknown  
  20  4:59  SCV  
  23  5:01  SCV  
  24  5:09  Unknown  
  24  5:10  SCV  
  24  5:12  SCV  
  26  5:20  SCV, Unknown  
  28  5:22  SCV  
  28  5:23  SCV  
  28  5:27  Unknown  
  29  5:31  SCV  
  29  5:34  SCV  
  29  5:35  Orbital Command  
  29  5:41  Marauder, Unknown  
  29  5:42  SCV  
  31  5:45  SCV, Command Center  
  31  5:48  Starport  
  32  5:52  SCV  
  32  5:55  SCV  
  33  6:06  SCV  
  34  6:22  Orbital Command  
  34  6:24  Unknown  
  34  6:27  Starport Tech Lab  
  34  6:28  Starport  
  32  6:52  Siege Tank  
  25  7:15  Marauder  
  21  7:24  Siege Tank  
  22  7:37  Starport Tech Lab  
  22  7:54  SCV  
  22  7:57  Unknown  
  23  8:05  SCV  
  23  8:15  Command Center  
  23  8:16  SCV  
  23  8:18  Unknown  
  24  8:20  Fusion Core  
  24  8:26  SCV  
  24  8:27  Fusion Core  
  25  8:39  Orbital Command  
  25  8:40  Unknown  
  26  9:01  Unknown  
  26  9:34  Command Center  
  26  9:35  Refinery  
  26  9:45  Refinery  
  26  9:51  Refinery  
  26  9:52  Refinery  
  26  10:29  Marauder  
  28  10:45  Siege Tank  
  31  10:55  Unknown  
  33  11:01  Command Center  
  33  11:12  Unknown  
  33  11:17  Siege Tank  
  38  11:20  Refinery  
  38  11:33  Unknown  
  38  11:34  Command Center  
  40  11:43  SCV, Command Center  
  40  11:54  SCV  
  40  11:55  Marauder, Unknown  
  42  12:04  SCV, Engineering Bay  
  42  12:07  Armory  
  70  12:15  SCV  
  70  12:16  Marine  
  73  12:26  SCV  
  73  12:34  Marauder, Unknown  
  75  12:55  Marauder  
  75  12:57  Refinery  
  77  13:01  Refinery  
  77  13:04  Refinery  
  77  13:12  Battlecruiser  
  77  13:17  Marauder  
  79  13:23  Refinery  
  79  13:26  Unknown  
  94  13:31  Terran Infantry Weapons Level 1  
  94  13:38  Marauder  
  96  13:46  Thor  
  95  13:59  Unknown  
  94  14:13  Unknown  
  78  15:25  Terran Infantry Armor Level 1  
  78  15:32  SCV  
  78  15:34  Refinery  
  79  15:43  SCV  
  79  15:54  SCV  
  79  16:04  SCV  
  79  16:15  SCV  
  80  16:22  Battlecruiser  
  80  16:34  Command Center  
  80  16:38  Weapon Refit  
  80  16:52  Banshee x2  
  80  17:03  Ghost Academy  
  84  17:17  Banshee x2  
  88  17:42  Banshee x2  
  88  17:48  Unknown  
  82  17:52  Nuke  
  90  18:30  Unknown  
Show
View Real Time Build Order
Export as new Build Order

qqq Zerg - Winner!

Build Orders: Hatch First 

Get SALT Encoding   

  2  0:13  Drone x2  
  3  0:26  Drone x2, Hatchery  
  2  0:57  Spawning Pool  
  3  1:09  Drone x2  
  4  1:19  Drone x2  
  4  1:22  Drone x2  
  4  1:37  Zergling x6  
  4  1:39  Extractor, Drone x2  
  4  1:40  Extractor  
  5  1:50  Drone x2  
  5  1:52  Drone x2  
  7  2:10  Drone x4  
  7  2:11  Drone x2  
  8  2:17  Drone x4  
  9  2:23  Drone x2  
  9  2:28  Drone x2  
  9  2:32  Lair  
  10  2:48  Drone x6  
  22  3:08  Queen  
  22  3:10  Unknown x2  
  22  3:11  Unknown x2  
  22  3:12  Unknown x2  
  22  3:14  Extractor  
  22  3:17  Extractor  
  24  3:29  Evolution Chamber  
  24  3:33  Evolution Chamber  
  23  3:38  Evolution Chamber  
  23  3:41  Drone x6  
  25  3:57  Drone x6  
  25  4:01  Zerg Melee Weapons Level 1  
  25  4:02  Zerg Missile Weapons Level 1  
  25  4:16  Infestation Pit  
  25  4:32  Zerg Ground Armor Level 1  
  25  4:35  Hive  
  25  4:39  Hatchery  
  25  4:42  Hatchery  
  25  4:54  Unknown  
  25  5:16  Drone x2  
  25  5:17  Drone x2  
  25  5:27  Drone x4  
  26  5:58  Ultralisk Cavern  
  26  6:06  Spire  
  29  6:30  Drone x12  
  29  6:36  Zerg Melee Weapons Level 2  
  29  6:37  Zerg Missile Weapons Level 2  
  29  6:52  Greater Spire  
  43  6:56  Queen  
  43  7:00  Unknown  
  37  7:04  Spine Crawler x2  
  37  7:05  Mutalisk  
  37  7:06  Mutalisk x3  
  34  7:11  Mutalisk x3  
  34  7:15  Ultralisk  
  38  7:17  Queen  
  38  7:20  Unknown  
  50  7:25  Unknown x8  
  50  7:28  Unknown  
  50  7:35  Unknown x8  
  50  7:45  Zerg Ground Armor Level 2  
  54  7:56  Drone x10  
  54  7:57  Drone x6  
  54  8:05  Zerg Flyer Weapons Level 1  
  52  8:37  Anabolic Synthesis  
  50  8:45  Overlord x3  
  50  8:47  Corruptor x3  
  56  9:03  Extractor x2  
  56  9:06  Extractor  
  56  9:07  Extractor  
  56  9:09  Drone x8  
  58  9:10  Drone x4  
  58  9:20  Chitinous Plating  
  58  9:21  Brood Lord  
  64  9:59  Unknown  
  68  10:00  Zerg Flyer Armor Level 1  
  68  10:04  Drone x8  
  68  10:05  Drone x10  
  68  10:48  Zerg Melee Weapons Level 3  
  68  10:49  Zerg Missile Weapons Level 3  
  68  10:51  Zerg Ground Armor Level 3  
  68  11:56  Zerg Flyer Weapons Level 2  
  108  13:01  Pneumatized Carapace  
  108  13:44  Ventral Sacs  
  102  13:59  Mutalisk x3  
  102  14:00  Mutalisk x5  
  93  14:16  Unknown  
  95  14:27  Unknown x8  
  95  14:36  Unknown  
  95  14:40  Unknown  
  95  15:02  Queen  
  97  15:23  Zerg Flyer Armor Level 2, Unknown, Queen  
  97  15:25  Unknown  
  97  15:39  Unknown  
  99  15:54  Roach x8  
  99  15:55  Zergling x30  
  99  15:56  Zergling x10  
  99  16:10  Unknown x3  
  99  16:11  Unknown x3  
  99  16:12  Unknown x13  
  99  16:13  Unknown x16  
  99  16:14  Unknown x4  
  130  16:43  Unknown  
  126  17:22  Mutalisk x4  
  118  17:23  Mutalisk x7  
  118  17:24  Mutalisk x4  
  118  17:26  Mutalisk x5  
  118  17:27  Mutalisk x7  
  166  18:09  Unknown  
Tags
 
Add a new tag
Caveats
  • Supply blocks, unpowered buildings, or Contaminate may cause inaccurate times.
  • Supply counts are checked every 10 seconds.